 Dungeon Sprint DCSS version 0.30-a0-824-g6c64550be9 (webtiles) character file.

Game seed: 12534043910277640883

165 retardedninja the Protected (level 5, -2/52 HPs)
             Began as a Minotaur Fighter on Feb 27, 2023.
             Slain by a fire elemental (12 damage)
             ... summoned by a deep elf pyromancer
             ... in the Dungeon (Sprint III: "The Ten Rune Challenge").
             The game lasted 00:01:04 (751 turns).

retardedninja the Protected (Minotaur Fighter)       Turns: 751, Time: 00:01:05

Health: -2/52      AC:  8    Str: 23    XL:     5   Next: 22%
Magic:  4/4        EV:  9    Int:  5    God:
Gold:   22         SH:  5    Dex:  9    Spells: 4/4 levels left

rFire   . . .      SeeInvis .    a - +0 war axe
rCold   . . .      Faith    .    c - +0 buckler
rNeg    . . .      Spirit   .    b - +0 scale mail
rPois   .          Reflect  .    (helmet restricted)
rElec   .          Harm     .    (no cloak)
rCorr   .          Rampage  .    (no gloves)
Will    .....      NoTele   +    (no boots) Stlth
                                 (no amulet)
HPRegen 0.28/turn                (no ring)
MPRegen 0.09/turn                (no ring)

@: hasted, very quick
A: horns 2, retaliatory headbutt
a: no special abilities


You were in the Dungeon.
You visited 1 branch You collected 22 gold pieces.

Inventory:

Hand Weapons
 a - a +0 war axe (weapon)
Armour
 b - a +0 scale mail (worn)
 c - a +0 buckler (worn)
Scrolls
 j - a scroll of blinking
 k - 4 scrolls of identify
 l - a scroll of poison {unknown}
 n - a scroll of immolation {unknown}
Potions
 d - a potion of might
 e - a potion of curing
 f - a potion of heal wounds
 h - 2 potions of magic
 i - a potion of berserk rage
 m - 3 potions of flight
 o - 6 potions of mutation


   Skills:
 + Level 7.5 Fighting
 + Level 5.4 Axes
 + Level 8.1 Armour
 + Level 0.8 Dodging
 + Level 7.3 Shields


You had 4 spell levels left.
You didn't know any spells.
Your spell library was empty.

Dungeon Overview and Level Annotations

Branches:
Dungeon (1/1)

Altars:
Elyvilon
Zin
The Shining One


Innate Abilities, Weirdness & Mutations

You have a pair of horns on your head.
You reflexively headbutt those who attack you in melee.


Message History

Found three altars.
A deep elf pyromancer comes into view.
It is wielding a +0 long sword of holy wrath.
Found a potion of heal wounds.
The deep elf pyromancer shouts!
There is an open door here.
The deep elf pyromancer gestures wildly while chanting.
You feel yourself speed up.
The deep elf pyromancer hits you with a +0 long sword of holy wrath.
You slash the deep elf pyromancer!
The deep elf pyromancer is moderately wounded.
You hit the fire elemental but do no damage.
The fire elemental hits you. The fire elemental burns you!
The deep elf pyromancer barely misses you.
You barely miss the deep elf pyromancer.
The deep elf pyromancer is moderately wounded.
You barely miss the fire elemental. The fire elemental hits you.
The fire elemental burns you!
You hit the deep elf pyromancer.
Your headbutt misses the deep elf pyromancer.
The deep elf pyromancer is moderately wounded.
You hit the fire elemental.
The deep elf pyromancer hits you but does no damage.
The fire elemental closely misses you.
You slash the deep elf pyromancer!
The deep elf pyromancer is severely wounded.
You hit the fire elemental but do no damage.
The fire elemental hits you. The fire elemental burns you!
The deep elf pyromancer hits you but does no damage.
You hit the deep elf pyromancer.
The deep elf pyromancer is severely wounded.
You hit the fire elemental but do no damage.
The fire elemental barely misses you. You furiously retaliate!
You headbutt the fire elemental.
The deep elf pyromancer hits you with a +0 long sword of holy wrath.
* * * LOW HITPOINT WARNING * * *
You closely miss the deep elf pyromancer.
The deep elf pyromancer is severely wounded.
You barely miss the fire elemental. The fire elemental hits you.
The fire elemental burns you!
You die...

▓▓▓▓▓▓▓ ▓▓▓ .'....♣♣
♣.##### .#.....♣♣
♣♣.#_E_# ##....♣.♣
♣..#!e@#
.#....~♣♣♣♣..###'#+###+#
.#...~~♣♣.♣..#..........
(#..~~~~..♣♣.'.⌠........
'#..~≈≈~~~...#...######+
†#.~~≈~~~....#.⌠.#
.#.~≈~~~.....#...#
.#.~~~.......#+###
##...........#


You could see a deep elf pyromancer and a fire elemental (summoned).

Vanquished Creatures
  A water elemental (D)
  A scorpion (D)
  Jessica (D)
  A human (D)
  2 endoplasms (D)
  A rat (D)
7 creatures vanquished.

Vanquished Creatures (others)
  A plant (D)
1 creature vanquished.

Grand Total: 8 creatures vanquished

Notes
Turn   | Place    | Note
-------+----------+-------------------------------------------
     0 | D        | retardedninja the Minotaur Fighter began the quest for the
                  | Orb.
     0 | D        | Reached XP level 1. HP: 19/19 MP: 0/0
     6 | D        | Reached skill level 4 in Armour
    11 | D        | Noticed Jessica
    17 | D        | Killed Jessica
    18 | D        | Reached skill level 5 in Fighting
    18 | D        | Reached skill level 5 in Armour
    18 | D        | Reached skill level 5 in Shields
    18 | D        | Reached XP level 2. HP: 18/29 MP: 1/1
    18 | D        | Reached XP level 3. HP: 22/36 MP: 2/2
   276 | D        | Noticed a scorpion
   286 | D        | Killed a scorpion
   287 | D        | Reached skill level 7 in Armour
   287 | D        | Reached XP level 4. HP: 26/45 MP: 3/3
   480 | D        | Noticed a water elemental
   486 | D        | Killed a water elemental
   487 | D        | Reached skill level 5 in Axes
   487 | D        | Reached skill level 8 in Armour
   487 | D        | Reached XP level 5. HP: 7/52 MP: 4/4
   742 | D        | Found a glowing silver altar of Zin.
   742 | D        | Found a glowing golden altar of the Shining One.
   742 | D        | Found a white marble altar of Elyvilon.
   743 | D        | Noticed a deep elf pyromancer
   745 | D        | Noticed a fire elemental
   751 | D        | Slain by a fire elemental

Illustrated notes

Levels and vault maps discovered:
D:        dungeon_sprint_mu [sprint_mu_entry_forest, sprint_mu_temple_rooms,
          sprint_mu_d1_spiders, sprint_mu_d2_genie, sprint_mu_d3_branching,
          sprint_mu_orc_legion, sprint_mu_elf_gauntlet, sprint_mu_hive_nellie,
          sprint_mu_lair_fedhas, sprint_mu_vaults_butterflies,
          sprint_mu_slime_circle, sprint_mu_swamp_cave, sprint_mu_snake_twists,
          sprint_mu_blade_basic, sprint_mu_crypt_chambers,
          sprint_mu_tomb_spiral, sprint_mu_vestibule_basic,
          sprint_mu_gehenna_hellfire, sprint_mu_dis_giant,
          sprint_mu_tartarus_statrot, sprint_mu_cocytus_islands, sprint_mu_zot1]

Skill      XL: |  1  2  3  4 |
---------------+-------------+-----
Fighting       | 5 6 7 |  7.5
Armour         | 5 7 8 |  8.1
Shields        | 5 6 7 |  7.3
Axes           | 3 4 5 |  5.4
Dodging        | |  0.8

Action                     |  1- 3 |  4- 6 || total
---------------------------+-------+-------++-------
  Melee: War axe           |    23 |    11 ||    34
         Headbutt          |     3 |     1 ||     4
    Use: Scroll            |     1 |       ||     1
         Potion            |       |     1 ||     1
 Armour: Scale mail        |     7 |     5 ||    12
  Dodge: Dodged            |     8 |     6 ||    14
  Block: Buckler           |     3 |     2 ||     5

Table legend: (Time is in decaauts)
 A = Elapsed time spent in this place.
 B = Non-inter-level travel time spent in this place.
 C = Inter-level travel time spent in this place.
 D = Time resting spent in this place.
 E = Time spent auto-exploring this place.
 F = Levels seen in this place.
 G = Mean time per level.
                   A        B        C        D        E       F      G
               +--------+--------+--------+--------+--------+-----+--------+
         Total |    771 |    748 |     23 |    595 |      4 |   1 |  771.0 |
       Dungeon |    771 |    748 |     23 |    595 |      4 |   1 |  771.0 |
               +--------+--------+--------+--------+--------+-----+--------+

Top non-repeatable levels by time:
       D: 771 daAuts
